 Dungeon Crawl Stone Soup version 0.30-a0-1116-gebefce21f7 (webtiles) character file.

Game seed: 11092855558554088720

215820 leviel the Warrior (level 19, -2/182 HPs)
             Began as a Hill Orc Fighter on Apr 21, 2023.
             Was the Champion of the Shining One.
             Slain by a +0 scimitar of flaming (7 damage)
             ... while paralysed by an air elemental
             ... on level 3 of the Elven Halls.
             The game lasted 01:07:39 (34751 turns).

leviel the Warrior (Hill Orc Fighter)              Turns: 34751, Time: 01:07:40

Health: -2/182     AC: 29    Str: 28    XL:     19   Next: 3%
Magic:  27/27      EV:  2    Int: 12    God:    the Shining One [******]
Gold:   645        SH:  0    Dex: 19    Spells: 18/18 levels left

rFire   . . .      SeeInvis .    A - +8 trident "Guimuym" {spect, rPois Will++}
rCold   + . .      Faith    .    Q - +0 kite shield
rNeg    + + +      Spirit   .    K - +4 plate armour
rPois   +          Reflect  +    H - +1 helmet of Nixkecit {rElec Dex+3 Slay+3}
rElec   +          Rampage  .    G - +1 cloak of Yzacoske {Will+}
rCorr   .                        a - +2 pair of gloves of the Big Bang {rElec}
Will    ++++.                    C - +2 pair of boots Stlth
                                 z - amulet of reflection
HPRegen 0.50/turn                N - ring "Zudovump" {*Corrode +Blink rElec rC+ Stlth+}
MPRegen 0.20/turn                y - ring of Attitude {Str+5 Dex+6}

@: paralysed, about to teleport, corroded, hasted, glowing
A: no striking features
}: 1/15 runes: serpentine
a: Renounce Religion, Evoke Blink, Divine Shield, Cleansing Flame, Summon Divine
Warrior


You were on level 3 of the Elven Halls.
You worshipped the Shining One.
The Shining One was exalted by your worship.
You visited 6 branches of the dungeon, and saw 28 of its levels.
You visited the Abyss 1 time.
You also visited: Sewer and Ice Cave.

You collected 2384 gold pieces.
You spent 1739 gold pieces at shops.

Inventory:

Hand Weapons
 h - a +8 war axe of holy wrath
 k - a +4 broad axe
 p - a +3 battleaxe of electrocution
 A - the +8 trident "Guimuym" (weapon) {spect, rPois Will++}
   (You found it on level 6 of the Dungeon)

   rPois:     It protects you from poison.
   Will:      It greatly increases your willpower.
 F - the +3 trident "Worm's Wrath" {holy, Dex+3 SInv}
   (You found it on level 8 of the Dungeon)

   Dex:       It affects your dexterity (+3).
   SInv:      It lets you see invisible.
Armour
 a - the +2 pair of gloves of the Big Bang (worn) {rElec}
   (You acquired it on level 1 of the Elven Halls)

   rElec:     It insulates you from electricity.
 q - a +0 cloak of poison resistance
 C - a +2 pair of boots (worn)
 G - the +1 cloak of Yzacoske (worn) {Will+}
   (You bought it in a shop on level 3 of the Dungeon)

   Will:      It increases your willpower.
 H - the +1 helmet of Nixkecit (worn) {rElec Dex+3 Slay+3}
   (You bought it in a shop on level 2 of the Orcish Mines)

   Dex:       It affects your dexterity (+3).
   Slay:      It affects your accuracy & damage with ranged weapons and melee
   (+3).
   rElec:     It insulates you from electricity.
 K - a +4 plate armour (worn)
 Q - a +0 kite shield (worn)
Jewellery
 e - a +5 ring of evasion
 n - a +6 ring of strength
 y - the ring of Attitude (right hand) {Str+5 Dex+6}
   (You found it on level 5 of the Dungeon)

   [ring of dexterity]

   Str:       It affects your strength (+5).
   Dex:       It affects your dexterity (+6).
 z - an amulet of reflection (around neck)
 N - the ring "Zudovump" (left hand) {*Corrode +Blink rElec rC+ Stlth+}
   (You found it in an ice cave)

   [ring of protection from cold]

   rC:        It protects you from cold.
   rElec:     It insulates you from electricity.
   +Blink:    It lets you blink.
   *Corrode:  It may corrode you when you take damage.
   Stlth:     It makes you more stealthy.
Wands
 r - a wand of roots (19)
 w - a wand of light (9) (quivered)
 D - a wand of charming (12)
 E - a wand of flame (83)
 L - a wand of digging (10)
 M - a wand of mindburst (7)
Scrolls
 o - 9 scrolls of teleportation
 B - 24 scrolls of identify {@r1}
 J - 4 scrolls of fog
Potions
 d - 3 potions of haste
 f - 10 potions of heal wounds
 g - 14 potions of curing
 i - 6 potions of flight
 l - 4 potions of brilliance
 m - 3 potions of invisibility
 s - 3 potions of berserk rage
 t - 2 potions of resistance
 u - 5 potions of cancellation
 v - 3 potions of mutation
 x - a potion of magic
 I - 7 potions of lignification
Miscellaneous
 b - a lightning rod (4/4)
 O - a phantom mirror


   Skills:
 * Level 19.1 Fighting
 - Level 17.9(19.2) Axes
 - Level 10.2(14.0) Polearms
 - Level 15.0 Armour
 - Level 11.4 Dodging
 - Level 15.0 Shields
 + Level 11.2 Invocations
 + Level 8.4 Evocations


You had 18 spell levels left.
You didn't know any spells.
Your spell library contained the following spells:

 Spells                   Type           Power      Damage    Failure   Level
 Apportation              Tloc           0%         N/A       98%         1
 Foxfire                  Conj/Fire      0%         2x1d4     98%         1
 Magic Dart               Conj           0%         1d3       98%         1
 Necrotise                Necr           0%         1d4       98%         1
 Summon Small Mammal      Summ           0%         N/A       98%         1
 Blink                    Tloc           0%         N/A       99%         2
 Call Imp                 Summ           0%         N/A       99%         2
 Ensorcelled Hibernation  Hex/Ice        0%         N/A       99%         2
 Lesser Beckoning         Tloc           0%         N/A       99%         2
 Momentum Strike          Conj/Tloc      0%         3d8       99%         2
 Passwall                 Tmut/Erth      0%         N/A       99%         2
 Dazzling Flash           Conj/Hex       0%         N/A       100%        3
 Frozen Ramparts          Ice            0%         1d1       100%        3
 Mephitic Cloud           Conj/Pois/Air  0%         N/A       100%        3
 Ozocubu's Armour         Ice            0%         N/A       100%        3
 Spider Form              Tmut/Pois      0%         N/A       100%        3
 Swiftness                Air            0%         N/A       100%        3
 Tukima's Dance           Hex            0%         N/A       100%        3
 Vhi's Electric Charge    Tloc/Air       0%         N/A       100%        3
 Volatile Blastmotes      Fire/Tloc      0%         2d10      100%        3
 Anguish                  Hex/Necr       0%         N/A       100%        4
 Ice Form                 Ice/Tmut       0%         N/A       100%        4
 Iskenderun's Mystic Bla  Conj/Tloc      0%         2d3       100%        4
 Passage of Golubria      Tloc           0%         N/A       100%        4
 Summon Ice Beast         Ice/Summ       0%         N/A       100%        4
 Summon Lightning Spire   Summ/Air       0%         N/A       100%        4
 Agony                    Necr           0%         N/A       100%        5
 Alistair's Intoxication  Tmut/Pois      0%         N/A       100%        5
 Arcjolt                  Conj/Air       0%         1d10      100%        5
 Borgnjor's Vile Clutch   Necr/Erth      0%         N/A       100%        5
 Fireball                 Conj/Fire      0%         3d3       100%        5
 Metabolic Englaciation   Hex/Ice        0%         N/A       100%        5
 Silence                  Hex/Air        0%         N/A       100%        5
 Yara's Violent Unravell  Hex/Tmut       0%         3d3       100%        5
 Eringya's Noxious Bog    Tmut/Pois      0%         N/A       100%        6
 Plasma Beam              Fire/Air       0%         2x1d11    100%        6
 Simulacrum               Ice/Necr       0%         N/A       100%        6
 Starburst                Conj/Fire      0%         6d3       100%        6
 Enfeeble                 Hex            0%         N/A       100%        7
 Lehudib's Crystal Spear  Conj/Erth      0%         10d2      100%        8
 Dragon's Call            Summ           0%         N/A       100%        9


Dungeon Overview and Level Annotations

Branches:
Dungeon (13/15)            Temple (0/1) D:7            Lair (5/5) D:11
 Shoals (1/4) Lair:2        Snake (4/4) Lair:2        Slime (0/5) Lair:5
    Orc (2/2) D:12            Elf (3/3) Orc:2         Sewer (visited)
  IceCv (visited)
 Vaults: D:13-14

Altars:
Ashenzari
Dithmenos
Gozag
Kikubaaqudgha
Nemelex Xobeh
Okawaru
Ru
Trog
Vehumet
Wu Jian
Xom
Yredelemnul
The Shining One
Beogh
Jiyva
Lugonu

Shops:
D:3 [   D:4 (   D:5 !   D:7 :   D:10 :   Orc:2 [:*((   Elf:1 (   Elf:3 *
Snake:2 ?*:[   Snake:4 ?(

Portals:
Abyss: Lair:5
Trove: D:13 (give 11 potions of heal wounds)

Annotations:
D:9 3 runed translucent doors, Rudyous's ghost, novice DsFE
Lair:5 1 runed translucent door
Snake:4 2 transporters, Emynorhu's ghost, journeyman DsGl


Message History

The deep elf pyromancer blinks!
The deep elf elementalist casts a spell.
The deep elf elementalist seems to speed up.
As you read the scroll of teleportation, it crumbles to dust.
You feel strangely unstable.
You block the deep elf blademaster's attack. x2
The deep elf master archer shoots an arrow.
The arrow hits you but does no damage. The +0 scimitar of flaming hits you.
The +0 scimitar of flaming burns you.
* * * LOW HITPOINT WARNING * * *
The deep elf master archer shoots an arrow.
The arrow hits you!!
* * * LOW HITPOINT WARNING * * *
You hit the deep elf blademaster.
The deep elf blademaster is lightly wounded.
Your +8 trident "Guimuym" {spect, rPois Will++} hits the deep elf blademaster from afar!
You block the deep elf blademaster's attack. x2
The +0 scimitar of flaming hits you.
* * * LOW HITPOINT WARNING * * *
The +0 scimitar of flaming burns you.
* * * LOW HITPOINT WARNING * * *
The deep elf master archer shoots an arrow.
The arrow hits you but does no damage.
You feel better.
Your +8 trident "Guimuym" {spect, rPois Will++} disappears.
The deep elf blademaster hits you but does no damage.
The deep elf blademaster hits you with a +0 rapier!
* * * LOW HITPOINT WARNING * * *
The +0 scimitar of flaming hits you but does no damage.
The deep elf master archer shoots an arrow.
You block the arrow with an invisible shield... and reflect it back!
The arrow hits the deep elf high priest!!
The air elemental fires a burst of electricity at you.
The stunning burst hits you! You resist.
You suddenly lose the ability to move!
* * * LOW HITPOINT WARNING * * *
The deep elf high priest calls down the wrath of its god upon you.
Something smites you!
* * * LOW HITPOINT WARNING * * *
The +0 scimitar of flaming hits you!
You die...

##.......
#......ยง
#......
#.....#
#.....#
#...e.##
#......##
#...eE..###.
##..@(......
#+.).......
#.........
###.e)....
#e.....
'##### .# ..


You could see a deep elf blademaster, a deep elf master archer, a deep elf
elementalist (fast, repels missiles), a deep elf high priest, an air elemental
and a +0 scimitar of flaming.

Vanquished Creatures
  Vashnia (Snake:3)
  A bone dragon (Abyss:3)
  The ghost of Yakesh the Executioner, an adept MiFi of Gozag (Elf:2)
  8 nagarajas
  2 azure jellies (IceCv)
  A draconian monk (Abyss:3)
  The ghost of demibob the Bludgeoner, a journeyman TrBe of Trog (Lair:5)
  Aizul (Snake:4)
  An orc warlord (Orc:2)
  2 deep elf elementalists
  A quicksilver ooze (IceCv)
  5 deep elf demonologists
  A deep elf annihilator (Elf:3)
  A deep elf death mage (Elf:3)
  The ghost of retardedninja the Thaumaturge, a journeyman GnFE of Cheibriados (Lair:2)
  An ettin (Orc:2)
  An entropy weaver (shapeshifter) (Lair:5)
  A deep elf high priest (Elf:3)
  The ghost of NinjaNoafa the Thaumaturge, a journeyman DrCj of Vehumet (Lair:2)
  A salamander tyrant (Snake:3)
  An ice dragon (Lair:5)
  A hydra (Lair:5)
  A merfolk avatar (Shoals:1)
  A catoblepas (Lair:5)
  8 anacondas
  28 dancing weapons
  6 two-headed ogres
  3 boulder beetles
  16 naga warriors
  7 naga sharpshooters
  Urug (D:11)
  4 thrashing horrors (Lair:5)
  8 shock serpents
  2 orc high priests
  18 deep elf knights
  2 wretched stars (Abyss:3)
  A soul eater (Abyss:3)
  5 salamander mystics
  A sixfirhy (Abyss:3)
  2 skysharks
  12 sea snakes
  Lodul (D:11)
  A shadow demon (Abyss:2)
  9 deep elf archers
  A deep troll (shapeshifter) (Elf:1)
  A naga ritualist (Snake:3)
  2 harpies (Lair:2)
  A lindwurm (Lair:5)
  2 orc knights
  21 deep elf zephyrmancers
  6 ugly things
  23 deep elf pyromancers
  2 mana vipers
  8 orc sorcerers
  2 cyclopes
  An elephant (shapeshifter) (Elf:2)
  34 salamanders
  An apocalypse crab (Abyss:3)
  12 elephants
  5 guardian serpents
  16 naga magi
  2 molten gargoyles (Lair:4)
  13 slime creatures
  22 black mambas
  An ice statue (IceCv)
  5 rime drakes
  Maggie (D:10)
  8 cane toads
  3 kobold demonologists
  12 komodo dragons
  An unseen horror (Abyss:3)
  3 ancient zymes
  A merfolk (Shoals:1)
  12 trolls
  5 polar bears
  Prince Ribbit (D:6)
  2 hornets
  5 large abominations
  A snapping turtle (Shoals:1)
  4 raiju
  13 blink frogs
  47 yaks
  4 water elementals
  A shadow (D:11)
  4 wyverns
  2 vampires
  7 spriggans
  A wraith (D:13)
  3 ynoxinuls (Lair:5)
  A fire elemental (Elf:1)
  8 basilisks
  A steam dragon (D:5)
  3 wargs
  6 vampire mosquitoes (D:11)
  4 chaos spawn
  40 nagas
  2 acid dragons (D:11)
  14 water moccasins
  19 small abominations
  2 black bears
  24 orc warriors
  A sky beast (D:8)
  2 swamp drakes
  3 ice beasts
  An ettin simulacrum (Abyss:3)
  6 great orb of eyes simulacra (IceCv)
  38 wolves
  12 ogres
  2 phantoms
  9 centaurs
  4 kobold brigands
  6 slime creature simulacra (IceCv)
  8 bullfrogs
  4 gnoll sergeants
  An earth elemental (Elf:2)
  3 glowing shapeshifter simulacra (IceCv)
  5 scorpions
  9 wights
  2 howler monkeys (D:8)
  9 electric eels
  A crimson imp (Orc:1)
  7 lava snakes
  5 orc priests
  2 hounds
  Crazy Yiuf (D:2)
  3 jellies
  A gnoll bouda (D:9)
  An iron imp (Orc:1)
  12 starcursed masses
  Jessica (D:2)
  9 hell rats
  2 iguanas
  16 orc wizards
  2 sleepcaps (D:6)
  3 shapeshifter simulacra (IceCv)
  32 gnolls
  15 adders
  2 river rats
  A shadow imp (Orc:1)
  4 white imps
  An ufetubus (D:7)
  2 worms (D:5)
  2 dart slugs
  47 orcs
  8 bats
  3 endoplasms
  7 giant cockroaches
  8 hobgoblins
  9 jackals
  10 kobolds
  4 quokkas
  23 ball pythons
  4 frilled lizards
  7 goblins
  29 rats
1027 creatures vanquished.

Vanquished Creatures (collateral kills)
  A deep elf knight (Elf:2)
1 creature vanquished.

Vanquished Creatures (others)
  A naga ritualist (Snake:4)
  A polar bear (Lair:5)
  An orc priest (Orc:2)
  A hell rat (Lair:4)
  30 fungi
  35 plants
  19 spectral weapons
88 creatures vanquished.

Grand Total: 1116 creatures vanquished

Notes
Turn   | Place    | Note
-------+----------+-------------------------------------------
     0 | D:1      | leviel the Hill Orc Fighter began the quest for the Orb.
     0 | D:1      | Reached XP level 1. HP: 19/19 MP: 1/1
   143 | D:1      | Reached XP level 2. HP: 20/27 MP: 2/2
   806 | D:1      | Reached XP level 3. HP: 33/33 MP: 3/3
  1019 | D:2      | Reached skill level 4 in Fighting
  1252 | D:2      | Noticed Jessica
  1259 | D:2      | Killed Jessica
  1260 | D:2      | Reached XP level 4. HP: 40/40 MP: 4/4
  1445 | D:2      | Found a runed translucent door.
  1446 | D:2      | Noticed Crazy Yiuf
  1549 | D:2      | Killed Crazy Yiuf
  1729 | D:3      | Reached XP level 5. HP: 20/46 MP: 5/5
  1861 | D:3      | Reached skill level 1 in Dodging
  2110 | D:3      | Reached skill level 5 in Axes
  2119 | D:3      | Found Wuss's Antique Armour Emporium.
  2218 | D:3      | Reached XP level 6. HP: 45/53 MP: 6/6
  2305 | D:3      | Found a glowing golden altar of the Shining One.
  2372 | D:3      | Became a worshipper of the Shining One
  2815 | D:4      | Noticed a water moccasin
  2820 | D:4      | Killed a water moccasin
  2919 | D:4      | Found Iveerar's Weapon Emporium.
  2950 | D:4      | Found a glowing drain.
  2967 | Sewer    | Entered a sewer
  3040 | Sewer    | Reached skill level 5 in Fighting
  3051 | Sewer    | Reached XP level 7. HP: 61/61 MP: 7/7
  3156 | Sewer    | Reached * piety under the Shining One
  3346 | D:4      | Bought a +0 broad axe for 48 gold pieces
  3438 | D:4      | Reached skill level 5 in Armour
  3438 | D:4      | Reached skill level 5 in Shields
  3544 | D:4      | Found a bloodstained altar of Trog.
  3565 | D:4      | Reached XP level 8. HP: 69/69 MP: 8/8
  3661 | D:4      | Found a broken altar of Ashenzari.
  3661 | D:4      | Found an iron altar of Okawaru.
  3668 | D:4      | Found a sacrificial altar of Ru.
  3670 | D:4      | Found a basalt altar of Yredelemnul.
  3672 | D:4      | Found a faded altar of an unknown god.
  3806 | D:5      | Entered Level 5 of the Dungeon
  3957 | D:5      | Found Xufumug's Distillery.
  3964 | D:5      | Bought a potion of haste for 140 gold pieces
  3975 | D:5      | Identified the ring of Attitude {Str+5 Dex+6}
  3999 | D:5      | Reached skill level 6 in Fighting
  4469 | D:5      | Found a radiant altar of Vehumet.
  4731 | D:6      | Noticed a troll
  4743 | D:6      | Killed a troll
  4744 | D:6      | Reached XP level 9. HP: 54/78 MP: 9/9
  4832 | D:6      | Reached XP level 10. HP: 84/84 MP: 10/10
  4920 | D:6      | Reached ** piety under the Shining One
  5029 | D:6      | Reached skill level 7 in Fighting
  5116 | D:6      | Noticed Prince Ribbit
  5130 | D:6      | Killed Prince Ribbit
  5152 | D:6      | Found an ornate altar of the Wu Jian Council.
  5152 | D:6      | Found an opulent altar of Gozag.
  5182 | D:6      | Identified the +8 trident "Guimuym" {spect, rPois Will++}
  5520 | D:7      | Found Gouduinu's Book Shoppe.
  5647 | D:7      | Found a sparkling altar of Nemelex Xobeh.
  5787 | D:7      | Reached skill level 1 in Polearms
  5880 | D:7      | Found a staircase to the Ecumenical Temple.
  6299 | D:8      | Identified the +3 trident "Worm's Wrath" {holy, Dex+3 SInv}
  6353 | D:8      | Reached XP level 11. HP: 92/92 MP: 11/11
  6451 | D:3      | Bought a jewelled cloak for 218 gold pieces
  6451 | D:3      | Identified the +1 cloak of Yzacoske {Will+} (You bought it
                  | in a shop on level 3 of the Dungeon)
  6878 | D:9      | Noticed a cyan ugly thing
  6885 | D:9      | Killed a cyan ugly thing
  7008 | D:9      | Reached *** piety under the Shining One
  7019 | D:9      | Noticed a two-headed ogre
  7025 | D:9      | Killed a two-headed ogre
  7175 | D:9      | Found a runed translucent gate.
  7175 | D:9      | Found a runed translucent gate.
  7175 | D:9      | Found a runed translucent gate.
  7176 | D:9      | Noticed Rudyous's ghost (novice DsFE)
  7306 | D:9      | Reached skill level 8 in Fighting
  7651 | D:9      | Found a viscous altar of Jiyva.
  7672 | D:10     | Entered Level 10 of the Dungeon
  8337 | D:10     | You fall into a shaft and drop 1 floor!
  8351 | D:10     | Found Elalor's Tiny Tomes.
  8546 | D:10     | Noticed a two-headed ogre
  8550 | D:10     | Killed a two-headed ogre
  8657 | D:10     | Noticed Maggie
  8663 | D:10     | Killed Maggie
  8755 | D:10     | Found a shadowy altar of Dithmenos.
  8801 | D:10     | Noticed a two-headed ogre
  8804 | D:10     | Killed a two-headed ogre
  8900 | D:10     | Reached skill level 5 in Dodging
  9111 | D:11     | Noticed a brown ugly thing
  9118 | D:11     | Killed a brown ugly thing
  9138 | D:11     | Found a staircase to the Lair.
  9192 | D:11     | Noticed Urug
  9210 | D:11     | Killed Urug
  9386 | D:11     | Reached **** piety under the Shining One
  9391 | D:11     | Reached XP level 12. HP: 96/103 MP: 12/12
  9396 | D:11     | Reached skill level 9 in Fighting
  9465 | D:11     | Noticed a boulder beetle
  9489 | D:11     | Killed a boulder beetle
  9490 | D:11     | Reached skill level 5 in Polearms
  9603 | D:11     | Noticed a two-headed ogre
  9624 | D:11     | Killed a two-headed ogre
  9822 | D:11     | Noticed Lodul
  9822 | D:11     | Reached ***** piety under the Shining One
  9836 | D:11     | Killed Lodul
 10191 | D:11     | Noticed a two-headed ogre
 10195 | D:11     | Killed a two-headed ogre
 10196 | D:11     | Reached skill level 10 in Fighting
 10271 | D:11     | Noticed a boulder beetle
 10277 | D:11     | Killed a boulder beetle
 10706 | D:12     | Reached XP level 13. HP: 114/114 MP: 13/13
 10821 | D:12     | Found a staircase to the Orcish Mines.
 10833 | D:12     | Found a roughly hewn altar of Beogh.
 11656 | D:13     | Found a portal to a secret trove of treasure.
 12700 | D:5      | Bought a potion of heal wounds for 70 gold pieces
 12700 | D:5      | Bought a potion of heal wounds for 70 gold pieces
 12911 | Orc:1    | Entered Level 1 of the Orcish Mines
 13074 | Orc:1    | Identified the -1 hat of Privacy {+Blink rElec rF+ Dex+3}
 13074 | Orc:1    | Identified the +3 robe "Vaehiq" {*Slow rPois rCorr Stlth+}
 13339 | Orc:2    | Entered Level 2 of the Orcish Mines
 13339 | Orc:2    | Noticed an ettin
 13342 | Orc:2    | Reached skill level 10 in Armour
 13342 | Orc:2    | Reached skill level 10 in Shields
 13347 | Orc:2    | Killed an ettin
 13348 | Orc:2    | Reached skill level 11 in Fighting
 13515 | Orc:2    | Noticed an orc warlord
 13605 | Orc:2    | Killed an orc warlord
 13776 | Orc:2    | Found a staircase to the Elven Halls.
 13779 | Orc:2    | Found Asyuj's Antique Armour Shoppe.
 13803 | Orc:2    | Found Jiduxamm's Book Boutique.
 14381 | Orc:2    | Reached ****** piety under the Shining One
 14438 | Orc:2    | Found Uvabejil's Antique Weapon Boutique.
 14533 | Orc:2    | Found Azoyzea's Antique Weapon Emporium.
 14590 | Orc:2    | Found Poevveh's General Store.
 15018 | Orc:2    | Bought the +1 helmet of Nixkecit {rElec Dex+3 Slay+3} for
                  | 593 gold pieces
 15103 | Orc:1    | Reached XP level 14. HP: 124/124 MP: 14/14
 15327 | Lair:1   | Entered Level 1 of the Lair of Beasts
 16458 | Lair:2   | Reached skill level 12 in Fighting
 16528 | Lair:2   | Reached skill level 10 in Polearms
 16581 | Lair:2   | Found a staircase to the Snake Pit.
 16672 | Lair:2   | Found a runed translucent gate.
 16673 | Lair:2   | Found a runed translucent gate.
 16674 | Lair:2   | Found a runed translucent gate.
 16681 | Lair:2   | Noticed retardedninja's ghost (journeyman GnFE)
 16681 | Lair:2   | Noticed NinjaNoafa's ghost (journeyman DrCj)
 16751 | Lair:2   | Killed NinjaNoafa's ghost
 16760 | Lair:2   | Killed retardedninja's ghost
 16772 | Lair:2   | Identified the +5 shortbow "Curch" {heavy, *Slow rPois
                  | Int+8}
 16861 | Lair:2   | Found a staircase to the Shoals.
 18850 | Lair:5   | Entered Level 5 of the Lair of Beasts
 18891 | Lair:5   | Identified the +3 scale mail "Uluwn" {rElec Str+2}
 18984 | Lair:5   | Found a frozen archway.
 19022 | IceCv    | Entered an ice cave
 19565 | IceCv    | Reached XP level 15. HP: 134/134 MP: 15/15
 19576 | IceCv    | Reached skill level 13 in Fighting
 19742 | IceCv    | Found a viscous altar of Jiyva.
 19742 | IceCv    | Noticed an azure jelly
 19748 | IceCv    | Killed an azure jelly
 19749 | IceCv    | Noticed an azure jelly
 19756 | IceCv    | Killed an azure jelly
 19791 | IceCv    | Got the ring "Zudovump" {*Corrode +Blink rElec rC+ Stlth+}
 20205 | Lair:5   | Found a runed translucent door.
 20207 | Lair:5   | Found a viscous altar of Jiyva.
 20215 | Lair:5   | Found a staircase to the Slime Pits.
 20234 | Lair:5   | Found a runed translucent door.
 20234 | Lair:5   | Found a shimmering altar of Xom.
 20234 | Lair:5   | Noticed demibob's ghost (journeyman TrBe)
 20667 | Lair:5   | Identified the +0 leather armour of Jesiajac {rElec rF+}
 21159 | Lair:5   | Found a corrupted altar of Lugonu.
 21159 | Lair:5   | Found a one-way gate to the infinite horrors of the Abyss.
 21164 | Lair:5   | Identified the +11 glaive of Qofopt {heavy, +Blink rF+}
 21290 | Lair:5   | Reached skill level 14 in Fighting
 21298 | Lair:5   | Killed demibob's ghost
 21489 | Snake:1  | Entered Level 1 of the Snake Pit
 22277 | Snake:2  | Reached XP level 16. HP: 129/147 MP: 16/16
 22379 | Snake:2  | Reached skill level 10 in Dodging
 22769 | Snake:2  | You fall into a shaft and drop 1 floor!
 23330 | Snake:2  | Found Nerhid's Assorted Antiques.
 23333 | Snake:2  | Found Kinenem's Antique Armour Boutique.
 23333 | Snake:2  | Found Rilid's Magic Scroll Shop.
 23338 | Snake:2  | Found Togu's Book Boutique.
 23656 | Snake:2  | Reached skill level 15 in Fighting
 24388 | Snake:3  | Reached skill level 1 in Invocations
 24444 | Snake:3  | Reached skill level 1 in Evocations
 24565 | Snake:3  | Noticed Vashnia
 24584 | Snake:3  | Killed Vashnia
 26441 | Shoals:1 | Entered Level 1 of the Shoals
 27113 | Snake:4  | Entered Level 4 of the Snake Pit
 27298 | Snake:4  | Reached XP level 17. HP: 132/156 MP: 20/20
 27356 | Snake:4  | Found a transporter.
 27374 | Snake:4  | Noticed Emynorhu's ghost (journeyman DsGl)
 27389 | Snake:4  | Noticed a tentacled starspawn
 27631 | Snake:4  | Found a transporter.
 27667 | Snake:4  | Noticed Aizul
 27679 | Snake:4  | Killed Aizul
 27680 | Snake:4  | Reached skill level 5 in Invocations
 29136 | Snake:4  | Reached skill level 16 in Fighting
 29167 | Snake:4  | HP: 6/158 [naga warrior/+3 halberd of distortion (5)]
 29482 | Snake:4  | Got a serpentine rune of Zot
 29505 | Snake:4  | Reached skill level 5 in Evocations
 29593 | Snake:4  | Found Othraeza's Magic Scroll Shop.
 29598 | Snake:4  | Found Haen's Weapon Shop.
 29601 | Snake:4  | Bought a scroll of acquirement for 520 gold pieces
 30027 | Elf:1    | Entered Level 1 of the Elven Halls
 30054 | Elf:1    | Acquired the +2 pair of gloves of the Big Bang {rElec}
 30287 | Elf:1    | Reached skill level 15 in Shields
 30317 | Elf:1    | Found Ohuna's Antique Weapon Shop.
 30470 | Elf:1    | Reached skill level 15 in Armour
 30556 | Elf:1    | Got Uwocinoe's Essays on Invitation
 30607 | Elf:1    | Found an ancient bone altar of Kikubaaqudgha.
 30806 | Elf:1    | Reached XP level 18. HP: 79/168 MP: 22/24
 32243 | Elf:2    | Reached skill level 17 in Fighting
 32260 | Elf:2    | Found a large runed translucent door.
 32261 | Elf:2    | Found a large runed translucent door.
 32264 | Elf:2    | Noticed Yakesh's ghost (adept MiFi)
 32371 | Elf:2    | Killed Yakesh's ghost
 32376 | Elf:2    | Identified the staff of earth "Maekuf" {rElec rN+ Str-3
                  | Int+2}
 32711 | Elf:2    | Found a runed translucent gate.
 32711 | Elf:2    | Found a runed translucent gate.
 32711 | Elf:2    | Found a runed translucent gate.
 32849 | Abyss:2  | Cast into level 2 of the Abyss (+1 eveningstar of
                  | distortion)
 32920 | Abyss:2  | Paralysed by accursed screaming for 1 turns
 32947 | Abyss:3  | Found a corrupted altar of Lugonu.
 33085 | Abyss:3  | Found a corrupted altar of Lugonu.
 33112 | Abyss:3  | Reached skill level 18 in Fighting
 33140 | Abyss:3  | Reached skill level 10 in Invocations
 33153 | Abyss:3  | Noticed a bone dragon
 33169 | Abyss:3  | Killed a bone dragon
 33272 | Elf:2    | Escaped the Abyss
 34144 | Elf:3    | Entered Level 3 of the Elven Halls
 34417 | Elf:3    | Found Kavanari's General Store.
 34429 | Elf:3    | Bought a scroll of fog for 80 gold pieces
 34622 | Elf:2    | Identified a +8 war axe of holy wrath (a +6 war axe of
                  | electrocution blessed by the Shining One)
 34622 | Elf:2    | Received a gift from the Shining One
 34721 | Elf:3    | Noticed a deep elf blademaster
 34736 | Elf:3    | Reached skill level 19 in Fighting
 34736 | Elf:3    | Noticed a deep elf master archer
 34741 | Elf:3    | Reached XP level 19. HP: 104/182 MP: 27/27
 34742 | Elf:3    | Noticed a Brimstone Fiend
 34750 | Elf:3    | Paralysed by an air elemental for 1 turns
 34750 | Elf:3    | HP: 4/182 [deep elf high priest/divine providence (12)]
 34751 | Elf:3    | Slain by a +0 scimitar of flaming

Illustrated notes

Levels and vault maps discovered:
D:1:      ncdulo_wetmaze, layout_basic, minmay_misc_feat_ornament,
          grunt_decor_mini_mirrors
D:2:      layout_basic, uniq_crazy_yiuf_cottage, uniq_jessica
D:3:      layout_basic, nicolae_tso_carved_into_rock, serial_shops, shop,
          minmay_starry_boxes
D:4:      layout_cave_pools, chequers_temple_overflow_minitemple,
          lemuel_tele_altar, serial_shops, shop, gup_sewer_entry_bubbles,
          kennysheep_generic_room_15
D:5:      layout_loops_ring, mainiacjoe_overflow_surrounded_room, serial_shops,
          shop
D:6:      layout_basic, nicolae_overflow_two_pavilions, uniq_prince_ribbit1
D:7:      layout_loops_ring, lemuel_round_altar, minmay_temple_entry_overgrown,
          serial_shops, shop, kb_lookout_dungeons_type, hex_large,
          kennysheep_path_1
D:8:      layout_rooms
D:9:      layout_small_grid, gammafunk_ghost_ooze
D:10:     layout_basic, mainiacjoe_overflow_24_doors,
          nicolae_shop_i_like_small_books_too, uniq_maggie
D:11:     kb_forest_paths, layout_loops_ring, pond, uniq_urug, uniq_lodul
D:12:     layout_loops_corners, minmay_orc_entry_temple_small,
          hangedman_abyss_or_decor_jellyfish_corner
D:13:     layout_gridville, nicolae_trove_entry_free_sample, uniq_jorgrun
Lair:1:   layout_chaotic_city, grunt_megastairs_2
Lair:2:   layout_cellular_growth, nicolae_shoals_entry_roost,
          guppyfry_snake_entry_island, gammafunk_ghost_cemetery,
          serial_bayou_pond_b
Lair:3:   layout_regular_city, nicolae_quartered_pool_little
Lair:4:   cheibrodos_magma_flow, layout_regular_city, st_stairs_10,
          serial_bayou_shore_a, grunt_megastairs_4
Lair:5:   hellmonk_lair_end_abyssal_woods, layout_regular_city, slime_entry_2,
          portal_ice_cave_entry_animals_and_master, ebering_ghost_xom,
          nicolae_lair_lindhole, infiniplex_staircase_pool
Shoals:1: layout_shoals, nicolae_shoals_mertower, uniq_roxanne
Snake:1:  layout_basic, nicolae_snake_gridmaze_swirls
Snake:2:  layout_layer_cave, nicolae_snake_salamander_zone, minmay_shoptagon,
          serial_bayou_shore_b
Snake:3:  layout_cave_town, nrook_loot_triangle, uniq_vashnia
Snake:4:  grunt_snake_rune_pools, layout_misc_corridors,
          gammafunk_ghost_abyssal_escape, minmay_shop_star, uniq_aizul
Orc:1:    layout_diamond_mine, hangedman_minor_magic
Orc:2:    grunt_orc_gardens, layout_caves, grunt_orc_garden, grunt_orc_garden,
          grunt_orc_garden, grunt_orc_garden, serial_shops,
          nicolae_shop_overgrown_old_shop, lightli_orcish_oven
Elf:1:    layout_geoelf_grid, serial_shops, nicolae_lakefront_shop, basic_altar,
          minmay_elf_demonology, grunt_megastairs_5
Elf:2:    elven_hall_of_blades_hangedman_original [nooodl_blade_entry_preview],
          layout_rooms, ebering_ghost_disaster_area
Elf:3:    nooodl_elf_gasket, layout_geoelf_octagon, serial_shops, shop

Skill      XL: |  1  2  3  4  5  6  7  8  9 10 11 12 13 14 15 16 17 18 |
---------------+-------------------------------------------------------+-----
Axes           | 3 4 5 6 7 9 17 | 17.9
Fighting       | 4 5 6 7 8 10 11 12 14 15 16 19 | 19.1
Shields        | 4 5 6 8 9 10 11 13 14 15 | 15.0
Dodging        | 1 2 3 4 5 6 7 8 9 10 11 | 11.4
Armour         | 4 5 6 8 9 10 11 13 14 15 | 15.0
Polearms       | 1 4 6 9 10 | 10.2
Invocations    | 4 8 11 | 11.2
Evocations     | 3 5 8 |  8.4

Action                     |  1- 3 |  4- 6 |  7- 9 | 10-12 | 13-15 | 16-18 | 19-21 || total
---------------------------+-------+-------+-------+-------+-------+-------+-------++-------
  Melee: War axe           |    92 |   155 |    69 |       |       |     2 |       ||   318
         Broad axe         |       |       |    78 |    35 |       |       |       ||   113
         Trident           |       |       |       |   336 |   981 |   952 |     7 ||  2276
  Throw: Throwing net      |       |       |       |       |     1 |       |       ||     1
 Invoke: Divine Shield     |       |       |       |       |     1 |       |       ||     1
         Summon Divine War |       |       |       |       |       |     1 |       ||     1
         Brand Weapon With |       |       |       |       |       |     1 |       ||     1
  Evoke: Wand              |       |       |     3 |       |     1 |     5 |       ||     9
         Lightning rod     |       |       |       |       |     4 |       |       ||     4
    Use: Scroll            |     2 |     7 |     8 |     9 |    10 |    14 |     1 ||    51
         Potion            |       |     1 |     1 |     2 |     3 |    16 |     2 ||    25
 Armour: Scale mail        |    34 |    60 |    62 |    26 |    10 |       |       ||   192
         Plate armour      |       |       |       |       |   164 |   220 |     6 ||   390
  Dodge: Dodged            |    43 |   128 |   134 |   120 |   304 |   205 |     3 ||   937
  Block: Buckler           |    21 |    58 |    48 |    43 |   289 |   250 |       ||   709
         Reflection        |       |       |       |       |    10 |    61 |     3 ||    74
         Kite shield       |       |       |       |       |       |   172 |    16 ||   188

Table legend: (Time is in decaauts)
 A = Elapsed time spent in this place.
 B = Non-inter-level travel time spent in this place.
 C = Inter-level travel time spent in this place.
 D = Time resting spent in this place.
 E = Time spent auto-exploring this place.
 F = Levels seen in this place.
 G = Mean time per level.
                   A        B        C        D        E       F      G
               +--------+--------+--------+--------+--------+-----+--------+
         Total |  34141 |  30920 |   3221 |   7256 |  17868 |  32 | 1066.9 |
       Dungeon |  12989 |  11667 |   1322 |   1636 |   8142 |  13 |  999.2 |
          Lair |   5430 |   4773 |    657 |    317 |   3668 |   5 | 1086.0 |
        Shoals |    312 |    297 |     15 |    196 |     39 |   1 |  312.0 |
     Snake Pit |   7603 |   7127 |    476 |   2849 |   3094 |   4 | 1900.8 |
  Orcish Mines |   2425 |   2070 |    355 |    607 |   1044 |   2 | 1212.5 |
   Elven Halls |   3710 |   3316 |    394 |    984 |   1578 |   3 | 1236.7 |
         Abyss |    370 |    370 |      0 |    111 |      0 |   2 |  185.0 |
         Sewer |    401 |    401 |      0 |    112 |    135 |   1 |  401.0 |
      Ice Cave |    897 |    897 |      0 |    442 |    166 |   1 |  897.0 |
               +--------+--------+--------+--------+--------+-----+--------+

Top non-repeatable levels by time:
 Snake:3: 2621 daAuts
    D:10: 1953 daAuts
 Snake:2: 1941 daAuts
   Elf:1: 1780 daAuts
   Elf:2: 1577 daAuts
  Lair:5: 1545 daAuts
 Snake:1: 1534 daAuts
 Snake:4: 1506 daAuts
    D:11: 1505 daAuts
    D:12: 1503 daAuts
   Orc:2: 1372 daAuts
  Lair:1: 1207 daAuts
     D:3: 1170 daAuts
   Orc:1: 1052 daAuts
     D:1: 1027 daAuts
